 Dungeon Sprint DCSS version 0.28-a0-1638-g9123634e07 (webtiles) character file.

Game seed: 17966219245320462500

61272 mhtbhm the Draconian Blade (level 14, -4/249 HPs)
             Began as a Pale Draconian Berserker on Jan 25, 2022.
             Was the Champion of Trog.
             Slain by a yaktaur captain (23 damage)
             ... in the Dungeon (Sprint IX: "|||||||||||||||||||||||||||||") on Jan 26, 2022.
             The game lasted 00:12:21 (6482 turns).

mhtbhm the Draconian Blade (DrBe)                   Turns: 6482, Time: 00:12:22

Health: -4/249     AC: 12    Str: 23    XL:     14   Next: 60%
Magic:  14/14      EV: 19    Int:  9    God:    Trog [******]
Gold:   873        SH:  0    Dex: 11    Spells: 13/13 levels left

rFire   + + +      SeeInvis .   a - +9 great sword "Ylicucyt" {vorpal, Contam rPois rF+++ Stlth+}
rCold   . . .      Faith    .   (shield currently unavailable)
rNeg    + . .      Spirit   .   (armour unavailable)
rPois   +          Reflect  .   (helmet restricted)
rElec   .          Harm     .   t - +0 cloak
rCorr   .          Rampage  .   i - +0 pair of gloves
Will    +....      NoTele   +   (no boots)
Stlth   ..........              (no amulet)
HPRegen 0.51/turn               B - ring of positive energy
MPRegen 0.14/turn               k - +2 ring of protection

@: berserking, marked, very quick
A: breathe steam, AC +8, unfitting armour, cold-blooded, steam resistance
a: Breathe Steam, Renounce Religion, Berserk, Trog's Hand, Brothers in Arms


You were in the Dungeon.
You worshipped Trog.
Trog was exalted by your worship.
You visited 1 branch You collected 1926 gold pieces.
You spent 1053 gold pieces at shops.

Inventory:

Hand Weapons
 a - the +9 great sword "Ylicucyt" (weapon) {vorpal, Contam rPois rF+++ Stlth+}
   (Trog gifted it to you in the Dungeon)

   It inflicts extra damage upon your enemies.
   rF:        It renders you almost immune to fire.
   rPois:     It protects you from poison.
   Contam:    It causes magical contamination when unequipped.
   Stlth:     It makes you more stealthy.
 d - a +5 antimagic long sword
 r - a +2 scimitar of holy wrath
Armour
 i - a +0 pair of gloves (worn)
 t - a +0 cloak (worn)
 v - a +0 hat
 w - the +0 cloak of Wrong Decisions {rN+ rCorr Str+2 Slay-2}
   (You bought it in a shop in the Dungeon)

   Str:       It affects your strength (+2).
   Slay:      It affects your accuracy & damage with ranged weapons and melee
   (-2).
   rN:        It protects you from negative energy.
   rCorr:     It protects you from acid and corrosion.
Jewellery
 k - a +2 ring of protection (right hand)
 y - a ring of protection from cold
 A - a ring of protection from fire
 B - a ring of positive energy (left hand)
Scrolls
 g - a scroll of blinking
 o - 3 scrolls of fear
 p - a scroll of fog
 D - 2 scrolls of enchant armour
 E - 4 scrolls of enchant weapon
Potions
 b - 9 potions of curing
 c - 4 potions of heal wounds
 e - 5 potions of magic
 f - 3 potions of invisibility
 h - a potion of flight
 l - 3 potions of haste
 n - 3 potions of might
 u - a potion of degeneration {unknown}
 x - 2 potions of attraction
 z - a potion of mutation
 C - a potion of resistance
Miscellaneous
 m - a phial of floods


   Skills:
 + Level 26.3 Fighting
 + Level 26.4 Long Blades
 + Level 17.3 Dodging
 + Level 7.9 Stealth
 + Level 6.5 Evocations


You had 13 spell levels left.
You didn't know any spells.
Your spell library was empty.

Dungeon Overview and Level Annotations

Branches:
Dungeon (1/1)

Altars:
Cheibriados
Dithmenos
Elyvilon
Fedhas
Gozag
Hepliaklqana
Kikubaaqudgha
Makhleb
Nemelex Xobeh
Okawaru
Qazlal
Ru
Sif Muna
Trog
Uskayaw
Vehumet
Wu Jian
Xom
Yredelemnul
Zin
The Shining One
Beogh
Jiyva
Lugonu

Shops:
D [!![


Innate Abilities, Weirdness & Mutations

You can breathe blasts of scalding, opaque steam.
Your pale cyan-grey scales are hard. (AC +8)
You cannot fit into any form of body armour.
You are cold-blooded and may be slowed by cold attacks.
You are immune to the effects of steam.


Message History

You slice the ironbound convoker!! You tail-slap the ironbound convoker!
You kill the ironbound convoker!
Trog accepts your kill.
Trog appreciates your killing of a magic user.
The peacekeeper bites you but does no damage.
The peacekeeper barely misses you.
Things that are here:
a +0 great mace; a +0 ring mail You slash the peacekeeper!
The peacekeeper is moderately damaged.
The peacekeeper bites you!
* * * LOW HITPOINT WARNING * * *
The peacekeeper claws you!
* * * LOW HITPOINT WARNING * * *
You slash the peacekeeper! You tail-slap the peacekeeper.
The peacekeeper is severely damaged.
The peacekeeper barely misses you. The peacekeeper claws you!
* * * LOW HITPOINT WARNING * * *
You hit the peacekeeper.
The peacekeeper is almost destroyed.
The peacekeeper misses you. The peacekeeper barely misses you.
You slice the peacekeeper!!
You feel the power of Trog in you as your rage grows.
You destroy the peacekeeper!
Trog accepts your kill.
You open the dire elephant like a pillowcase!!!
The dire elephant is heavily wounded.
Unknown command.
You completely miss the dire elephant.
The dire elephant is heavily wounded.
The dire elephant tramples you!
* * * LOW HITPOINT WARNING * * *
You stumble backwards!
You slash the dire elephant!
The dire elephant is heavily wounded.
You cut the dire elephant into ribbons!!!
You kill the dire elephant!
Trog accepts your kill. The yaktaur captain hits you!!
You die...

)))..=..'.........▓
▓▓▓▓▓▓▓▓▓▓▓▓▓▓▓▓▓▓▓
..................▓
▓▓▓▓▓▓▓▓▓▓▓▓▓▓▓▓▓.▓
))')..............▓
▓▓▓▓▓▓▓▓▓▓▓▓▓▓▓▓▓▓▓
..................▓
▓▓▓▓▓▓▓▓▓▓▓▓▓▓▓▓▓[▓
'..............c@.▓
▓▓▓▓▓▓▓▓▓▓▓▓▓▓▓▓▓▓▓
,,,,,,,,,,,,,,,,,,*
*****************,*
,,,,,+,,,,,,,,,,,,*
*******************
,,,,,,,,,,,,,,,,,,*
*****************,*
,,,,,,,,,,+,,,,,,,*


You could see a yaktaur captain.

Vanquished Creatures
  A golden dragon (D)
  Kirke (D)
  A fire giant (D)
  A frost giant (D)
  An orc warlord (D)
  Aizul (D)
  2 very ugly things (D)
  2 ironbound thunderhulks (D)
  An ironbound preserver (D)
  2 stone giants (D)
  An entropy weaver (D)
  A dire elephant (D)
  A merfolk javelineer (D)
  5 great orbs of eyes (D)
  A fire dragon (D)
  An ice dragon (D)
  2 boulder beetles (D)
  3 hydras (D)
  A peacekeeper (D)
  A spriggan air mage (D)
  Erolcha (D)
  2 ironbound frosthearts (D)
  A rakshasa (D)
  A centaur warrior (D)
  A two-headed ogre (D)
  A death knight (D)
  A deep troll shaman (D)
  A tengu warrior (D)
  4 orc high priests (D)
  A deep troll earth mage (D)
  A spriggan (D)
  A naga sharpshooter (D)
  A shock serpent (D)
  4 sea snakes (D)
  A glowing orange brain (D)
  An ironbound convoker (D)
  2 lindwurms (D)
  3 orc knights (D)
  A deep elf pyromancer (D)
  A necromancer (D)
  A mana viper (D)
  3 cyclopes (D)
  An ugly thing (D)
  A slime creature (D)
  2 manticores (D)
  An orc sorcerer (D)
  A will-o-the-wisp (D)
  A wolf spider (D)
  2 naga magi (D)
  A salamander (D)
  A vault sentinel (D)
  4 black mambas (D)
  4 cane toads (D)
  An unseen horror (D)
  A komodo dragon (D)
  A kobold demonologist (D)
  A polar bear (D)
  A tyrant leech (D)
  A hornet (D)
  A tarantella (D)
  A wind drake (D)
  A snapping turtle (D)
  2 jumping spiders (D)
  Eustachio (D)
  2 hogs (D)
  4 yaks (D)
  A water elemental (D)
  4 redbacks (D)
  3 water moccasins (D)
  2 wargs (D)
  9 orc warriors (D)
  A black bear (D)
  8 wolves (D)
  A centaur (D)
  3 bullfrogs (D)
  A gnoll sergeant (D)
  3 orc priests (D)
  An iguana (D)
  5 orc wizards (D)
  2 ufetubi (D)
  2 adder zombies (D)
  13 orcs (D)
  A hobgoblin (D)
  A quokka (D)
  A bat (D)
  A frilled lizard (D)
  A rat (D)
165 creatures vanquished.

Vanquished Creatures (collateral kills)
  A sphinx (D)
  A stone giant (D)
  A bunyip (D)
  A spark wasp (D)
  A fire dragon (D)
  2 hydras (D)
  A death knight (D)
  A vampire mage (D)
  A spriggan berserker (D)
  A swamp dragon (D)
  An orc knight (D)
  An ugly thing (D)
  A will-o-the-wisp (D)
  A vault sentinel (D)
15 creatures vanquished.

Vanquished Creatures (others)
  A goliath frog (D)
  3 foxfires (D)
4 creatures vanquished.

Grand Total: 184 creatures vanquished

Notes
Turn   | Place    | Note
-------+----------+-------------------------------------------
     0 | D        | mhtbhm the Draconian Berserker began the quest for the Orb.
     0 | D        | Reached XP level 1. HP: 19/19 MP: 1/1
    19 | D        | Reached ** piety under Trog
   176 | D        | Noticed an iguana
   181 | D        | Reached XP level 2. HP: 27/27 MP: 2/2
   186 | D        | Reached *** piety under Trog
   187 | D        | Reached skill level 5 in Fighting
   187 | D        | Reached XP level 3. HP: 36/36 MP: 3/3
   188 | D        | Reached skill level 5 in Long Blades
   196 | D        | Reached **** piety under Trog
   326 | D        | Found a snail-covered altar of Cheibriados.
   326 | D        | Found a shadowy altar of Dithmenos.
   326 | D        | Found a white marble altar of Elyvilon.
   326 | D        | Found a blossoming altar of Fedhas.
   326 | D        | Found an opulent altar of Gozag.
   327 | D        | Found a hazy altar of Hepliaklqana.
   328 | D        | Found a viscous altar of Jiyva.
   329 | D        | Found an ancient bone altar of Kikubaaqudgha.
   330 | D        | Found a corrupted altar of Lugonu.
   331 | D        | Found a burning altar of Makhleb.
   332 | D        | Found a sparkling altar of Nemelex Xobeh.
   333 | D        | Found an iron altar of Okawaru.
   334 | D        | Found a stormy altar of Qazlal.
   335 | D        | Found a sacrificial altar of Ru.
   336 | D        | Found a shimmering blue altar of Sif Muna.
   337 | D        | Found a bloodstained altar of Trog.
   338 | D        | Found a hide-covered altar of Uskayaw.
   339 | D        | Found a radiant altar of Vehumet.
   340 | D        | Found an ornate altar of the Wu Jian Council.
   341 | D        | Found a shimmering altar of Xom.
   342 | D        | Found a basalt altar of Yredelemnul.
   343 | D        | Found a glowing silver altar of Zin.
   344 | D        | Found a glowing golden altar of the Shining One.
   379 | D        | Noticed a two-headed ogre
   379 | D        | Noticed a yak
   379 | D        | Noticed a yak
   379 | D        | Noticed a gnoll sergeant
   379 | D        | Noticed a yak
   385 | D        | Killed a yak
   386 | D        | Reached skill level 5 in Dodging
   386 | D        | Reached XP level 4. HP: 34/48 MP: 4/4
   386 | D        | Reached XP level 5. HP: 38/53 MP: 5/5
   391 | D        | Reached skill level 1 in Stealth
   604 | D        | Killed a yak
   605 | D        | Reached XP level 6. HP: 43/63 MP: 6/6
   613 | D        | Killed a yak
   614 | D        | Reached skill level 10 in Long Blades
   614 | D        | Your scales start taking on a pale cyan-grey colour.
   614 | D        | Reached XP level 7. HP: 17/71 MP: 7/7
   614 | D        | Gained mutation: You are immune to the effects of steam.
                  | [Pale Draconian growth]
   883 | D        | Killed an unseen horror
   884 | D        | Reached skill level 10 in Fighting
   887 | D        | Killed a two-headed ogre
   887 | D        | Reached ***** piety under Trog
   888 | D        | Reached XP level 8. HP: 60/82 MP: 8/8
  1059 | D        | Noticed a white ugly thing
  1059 | D        | Noticed a deep elf pyromancer
  1059 | D        | Noticed a kobold demonologist
  1059 | D        | Noticed a six-headed hydra
  1064 | D        | Killed a kobold demonologist
  1064 | D        | Received a gift from Trog
  1083 | D        | Killed a nine-headed hydra
  1084 | D        | Reached skill level 10 in Dodging
  1084 | D        | Reached skill level 1 in Evocations
  1084 | D        | Reached XP level 9. HP: 91/91 MP: 9/9
  1086 | D        | Killed a deep elf pyromancer
  1087 | D        | Reached skill level 15 in Long Blades
  1098 | D        | Killed a white ugly thing
  1412 | D        | Noticed a cane toad
  1412 | D        | Noticed a cane toad
  1412 | D        | Noticed a komodo dragon
  1418 | D        | Killed a komodo dragon
  1418 | D        | Received a gift from Trog
  1419 | D        | Noticed a five-headed hydra
  1514 | D        | Killed a cane toad
  1515 | D        | Reached XP level 10. HP: 81/101 MP: 3/10
  1524 | D        | Killed a cane toad
  1710 | D        | Killed a six-headed hydra
  2022 | D        | Noticed a cane toad
  2022 | D        | Noticed a cane toad
  2022 | D        | Noticed a black mamba
  2025 | D        | Received a gift from Trog
  2026 | D        | Killed a black mamba
  2028 | D        | Killed a cane toad
  2029 | D        | Killed a cane toad
  2035 | D        | Reached ****** piety under Trog
  2035 | D        | Received a gift from Trog
  2040 | D        | Reached skill level 5 in Stealth
  2061 | D        | Received a gift from Trog
  2285 | D        | Noticed Eustachio
  2321 | D        | Killed Eustachio
  2370 | D        | Received a gift from Trog
  2374 | D        | Reached skill level 15 in Fighting
  2374 | D        | Reached XP level 11. HP: 102/112 MP: 11/11
  2379 | D        | Noticed an orc high priest
  2391 | D        | Noticed a soul eater
  2398 | D        | Noticed a sixfirhy
  2400 | D        | Killed an orc high priest
  2400 | D        | Received a gift from Trog
  2401 | D        | Reached skill level 5 in Evocations
  2622 | D        | Noticed an orc knight
  2623 | D        | Received a gift from Trog
  2632 | D        | Killed an orc knight
  2636 | D        | Noticed an orc knight
  2650 | D        | Killed an orc knight
  2991 | D        | Found Fuotem's Armour Boutique.
  2991 | D        | Noticed an orc high priest
  2991 | D        | Noticed an orc high priest
  2991 | D        | Noticed an orc knight
  2993 | D        | Received a gift from Trog
  2995 | D        | Killed an orc knight
  2998 | D        | Killed an orc high priest
  3002 | D        | Noticed a sixfirhy
  3002 | D        | Noticed an orc sorcerer
  3006 | D        | Killed an orc high priest
  3007 | D        | Found Bofaag's Distillery.
  3010 | D        | Found Looghik's Distillery.
  3015 | D        | Paralysed by an orc sorcerer for 2 turns
  3017 | D        | Killed an orc sorcerer
  3313 | D        | Found Dydigoc's Antique Armour Shop.
  3331 | D        | Noticed an orc knight
  3333 | D        | Noticed an orc high priest
  3336 | D        | Identified the +9 great sword "Ylicucyt" {vorpal, Contam
                  | rPois rF+++ Stlth+} (Trog gifted it to you in the Dungeon)
  3336 | D        | Received a gift from Trog
  3351 | D        | Killed an orc knight
  3354 | D        | Killed an orc high priest
  3393 | D        | Bought a hat for 104 gold pieces
  3393 | D        | Bought a crude cloak for 247 gold pieces
  3393 | D        | Identified the +0 cloak of Wrong Decisions {rN+ rCorr Str+2
                  | Slay-2} (You bought it in a shop in the Dungeon)
  3395 | D        | Bought a potion of magic for 80 gold pieces
  3395 | D        | Bought a potion of curing for 30 gold pieces
  3395 | D        | Bought a potion of might for 40 gold pieces
  3395 | D        | Bought a potion of curing for 30 gold pieces
  3395 | D        | Bought a potion of attraction for 30 gold pieces
  3401 | D        | Bought a potion of might for 48 gold pieces
  3401 | D        | Bought a potion of attraction for 36 gold pieces
  3401 | D        | Bought a potion of mutation for 96 gold pieces
  3401 | D        | Bought 2 potions of invisibility for 192 gold pieces
  3401 | D        | Bought 2 potions of heal wounds for 120 gold pieces
  3546 | D        | Noticed an eight-headed hydra
  3546 | D        | Noticed a boulder beetle
  3553 | D        | Noticed a death knight
  3555 | D        | Killed a boulder beetle
  3556 | D        | Noticed a death knight
  3560 | D        | Noticed a green ugly thing
  3561 | D        | Received a gift from Trog
  3561 | D        | Noticed a vampire mage
  3562 | D        | Noticed a great orb of eyes
  3564 | D        | Noticed a glowing orange brain
  3565 | D        | Killed a ten-headed hydra
  3566 | D        | Reached XP level 12. HP: 96/125 MP: 12/12
  3568 | D        | Killed a death knight
  3578 | D        | Killed a death knight
  3592 | D        | Killed a vampire mage
  3598 | D        | Paralysed by a great orb of eyes for 2 turns
  3603 | D        | Received a gift from Trog
  3604 | D        | Killed a great orb of eyes
  3894 | D        | Noticed a fire dragon
  3895 | D        | Noticed a rakshasa
  3896 | D        | Noticed a deep troll shaman
  3902 | D        | Killed a fire dragon
  3907 | D        | Killed a rakshasa
  3910 | D        | Killed a deep troll shaman
  4020 | D        | Noticed Erolcha
  4027 | D        | Killed Erolcha
  4176 | D        | Received a gift from Trog
  4412 | D        | Received a gift from Trog
  4470 | D        | Noticed an entropy weaver
  4477 | D        | Received a gift from Trog
  4566 | D        | Killed an entropy weaver
  4574 | D        | Received a gift from Trog
  4575 | D        | Reached XP level 13. HP: 80/140 MP: 13/13
  4837 | D        | Noticed a bunyip
  4852 | D        | Killed a bunyip
  4860 | D        | Received a gift from Trog
  5217 | D        | Noticed a merfolk javelineer
  5224 | D        | Killed a merfolk javelineer
  5224 | D        | Received a gift from Trog
  5225 | D        | Reached skill level 15 in Dodging
  5241 | D        | Received a gift from Trog
  5385 | D        | Noticed Kirke
  5401 | D        | Killed Kirke
  5432 | D        | Noticed Aizul
  5449 | D        | Killed Aizul
  5736 | D        | Noticed a green very ugly thing
  5736 | D        | Noticed a fire giant
  5742 | D        | Noticed a stone giant
  5746 | D        | Killed a fire giant
  5746 | D        | Received a gift from Trog
  5747 | D        | Noticed a golden dragon
  5750 | D        | Killed a green very ugly thing
  5760 | D        | Noticed a frost giant
  5761 | D        | Noticed a stone giant
  5766 | D        | Killed a stone giant
  5774 | D        | Killed a golden dragon
  5774 | D        | Received a gift from Trog
  5776 | D        | Noticed a spark wasp
  5776 | D        | Noticed a fire dragon
  5782 | D        | Killed a frost giant
  5786 | D        | Killed a stone giant
  5787 | D        | Reached XP level 14. HP: 72/159 MP: 14/14
  6030 | D        | Noticed a stone giant
  6039 | D        | Received a gift from Trog
  6049 | D        | Killed a stone giant
  6360 | D        | Noticed a white very ugly thing
  6368 | D        | Noticed an ironbound thunderhulk
  6370 | D        | Killed a white very ugly thing
  6372 | D        | Received a gift from Trog
  6373 | D        | Noticed an ironbound preserver
  6389 | D        | Killed an ironbound preserver
  6389 | D        | Noticed an ironbound thunderhulk
  6390 | D        | Killed an ironbound thunderhulk
  6398 | D        | Noticed an orc warlord
  6401 | D        | Received a gift from Trog
  6407 | D        | Killed an ironbound thunderhulk
  6410 | D        | Killed an orc warlord
  6414 | D        | Received a gift from Trog
  6415 | D        | Noticed a sphinx
  6431 | D        | Killed a sphinx
  6482 | D        | Slain by a yaktaur captain

Illustrated notes

Levels and vault maps discovered:
D:        linesprint [early_d, line_temple, items_1, d_10, items_2, lair_1,
          lair_end, items_3, orc_1, orc_end, items_4, d_15, swamp_1, shoals_1,
          snake_1, spider_1, d_20, vaults_1, items_5, swamp_end, shoals_end,
          snake_end, spider_end, vaults_end, d_27, items_6, zot_1, zot_end,
          crypt_end, forest_end, elf_end, slime_end, tomb_end, abyss_end,
          pan_hell_end]

Skill      XL: |  1  2  3  4  5  6  7  8  9 10 11 12 13 14 |
---------------+-------------------------------------------+-----
Dodging        | 3 4 5 6 7 9 10 12 13 14 16 17 | 17.3
Fighting       | 4 5 7 9 11 12 13 15 17 20 24 26 | 26.3
Long Blades    | 4 7 9 10 13 14 16 18 21 23 24 26 | 26.4
Stealth        | 1 2 3 5 6 7 |  7.9
Evocations     | 1 3 4 5 6 |  6.5

Action                   |  1- 3 |  4- 6 |  7- 9 | 10-12 | 13-15 || total
-------------------------+-------+-------+-------+-------+-------++-------
Melee: Falchion          |    39 |       |       |       |       ||    39
       Tailslap          |     6 |     5 |     3 |    31 |    25 ||    70
       Scimitar          |     5 |    20 |    22 |       |       ||    47
       Long sword        |       |       |     7 |    11 |       ||    18
       Great sword       |       |       |       |   187 |   164 ||   351
Invok: Berserk           |     1 |       |     1 |    10 |     4 ||    16
       Brothers in Arms  |       |       |       |     2 |     4 ||     6
 Abil: Breathe Steam     |       |       |     6 |    17 |    13 ||    36
Evoke: Wand              |       |       |     7 |     3 |       ||    10
  Use: Potion            |     1 |       |     2 |     2 |     2 ||     7
       Scroll            |       |     1 |       |       |     3 ||     4
 Stab: Sleeping          |       |       |       |     1 |       ||     1
Armor: Skin              |    12 |       |     8 |    39 |    23 ||    82
Dodge: Dodged            |    26 |     9 |     9 |    98 |    57 ||   199

Table legend: (Time is in decaauts)
 A = Elapsed time spent in this place.
 B = Non-inter-level travel time spent in this place.
 C = Inter-level travel time spent in this place.
 D = Time resting spent in this place.
 E = Time spent auto-exploring this place.
 F = Levels seen in this place.
 G = Mean time per level.
                   A        B        C        D        E       F      G
               +--------+--------+--------+--------+--------+-----+--------+
         Total |   6511 |   6511 |      0 |   4529 |    551 |   1 | 6511.0 |
       Dungeon |   6511 |   6511 |      0 |   4529 |    551 |   1 | 6511.0 |
               +--------+--------+--------+--------+--------+-----+--------+

Top non-repeatable levels by time:
       D: 6511 daAuts
